 Dungeon Crawl Stone Soup version 0.31.0-11-ge490571c62 (webtiles) character file.

Game seed: 4981883887314072240

474 qw the Shooter (level 6, 0/30 HPs)
             Began as a Spriggan Hunter on Feb 4, 2024.
             Slain by an orc
             ... wielding a +0 hand axe
              (5 damage)
             ... on level 5 of the Dungeon.
             The game lasted 00:00:13 (2687 turns).

qw the Shooter (Spriggan Hunter)                    Turns: 2687, Time: 00:00:14

Health: 0/30       AC:  5    Str: 13    XL:     6   Next: 84%
Magic:  7/7        EV: 20    Int: 11    God:
Gold:   161        SH:  0    Dex: 18    Spells: 5/5 levels left

rFire   . . .        a - +3 shortbow
rCold   . . .        (shield currently unavailable)
rNeg    + . .        p - +2 robe {Will+}
rPois   .            (helmet restricted)
rElec   .            (no cloak)
rCorr   .            (gloves unavailable)
SInv    +            (boots unavailable)
Will    ++...        (no amulet)
Stlth   ++           h - +6 ring of strength
HPRegen 0.25/turn    b - ring of positive energy
MPRegen 0.10/turn

%: no passive effects
@: very quick
A: very small, no large weapons, unfitting armour, see invisible, speed 3,
clumsy 1, high MP 1, shaggy fur 1
a: no special abilities


You were on level 5 of the Dungeon.
You visited 1 branch of the dungeon, and saw 5 of its levels.

You collected 161 gold pieces.


Innate Abilities, Weirdness & Mutations

You are very small and have problems with some larger weapons.
You are too small for most types of armour.
You have supernaturally acute eyesight. (SInv)
You cover ground extremely quickly. (Speed+++)
You are clumsy. (Dex -2)
You have an increased reservoir of magic. (+10% MP)
You are covered in fur. (AC +1)


   Skills:
 - Level 2.1 Fighting
 + Level 6.9 Ranged Weapons
 - Level 6.1 Dodging
 - Level 1.5 Stealth


You had 5 spell levels left.
You didn't know any spells.
Your spell library was empty.

Inventory:

Hand Weapons
 a - a +3 shortbow (weapon)
Armour
 p - a +2 robe of willpower (worn)
Jewellery
 b - a ring of positive energy (right hand)
 h - a +6 ring of strength (left hand)
Scrolls
 c - a scroll of teleportation {unknown}
Potions
 d - a potion of enlightenment
 e - a potion of might
 f - a potion of resistance
 g - 2 potions of curing
 j - a potion of haste {unknown}
 l - a potion of lignification {unknown}
 m - a potion of heal wounds {unknown}
 o - a potion of mutation

Dungeon Overview and Level Annotations

Branches:
Dungeon (5/15)
 Temple: D:4-7

Altars:

Annotations:
D:4 3 runed translucent doors, qw's ghost, amateur DEHu


Message History

You feel sick. The adder barely misses you.
The orc wizard hits you but does no damage.
The orc wizard closely misses you. The adder closely misses you.
You shoot an arrow. The arrow hits the orc wizard.
The orc wizard is heavily wounded.
You feel sick. The adder completely misses you.
The orc wizard hits you with a +0 dagger.
The orc wizard completely misses you.
You shoot an arrow. The arrow hits the orc wizard!
You kill the orc wizard!
You feel sick. The adder bites you but does no damage.
The adder barely misses you.
You shoot an arrow. The arrow hits the orc wizard.
The orc wizard is lightly wounded.
You feel sick. The orc wizard barely misses you. The orc completely misses you.
The adder completely misses you.
You shoot an arrow.
The arrow closely misses the orc wizard.
You feel sick.
You are no longer poisoned.
The adder bites you. The orc wizard misses you.
The orc hits you but does no damage. The adder barely misses you.
You shoot an arrow. The arrow hits the orc wizard!
The orc wizard is almost dead.
The orc wizard completely misses you. The orc misses you.
The adder closely misses you.
You shoot an arrow. The arrow hits the orc wizard!
You kill the orc wizard!
The adder bites you but does no damage. The orc misses you.
You shoot an arrow. The arrow closely misses the adder.
The adder bites you but does no damage. The adder completely misses you.
The orc barely misses you. The orc completely misses you.
You shoot an arrow. The arrow hits the adder!
The adder is severely wounded.
The adder bites you but does no damage. The orc hits you with a +0 hand axe.
The orc misses you.
You shoot an arrow. The arrow hits the adder.
You kill the adder!
The orc completely misses you. The orc hits you with a +0 hand axe.
You die...

....# ##.........#
..
....###...........
..
#........#.......
#.
##...............
#..
##...###........
##..
##.####.......<
#...#
#..##.........
#....##
#..#.#........
#o@####..##........
##o..#....##.......
##................
#..####..........
#..#?............
#..##.####........
....## #.........
...... #.#......)
....... #.........


You could see 2 orcs.

Vanquished Creatures
  An ogre (D:4)
  A bombardier beetle (D:4)
  A jelly (D:5)
  A hound (D:4)
  2 iguanas (D:4)
  2 orc wizards (D:5)
  9 adders
  A shadow imp (D:3)
  3 dart slugs (D:1)
  4 ribbon worms
  10 orcs
  7 endoplasms
  2 giant cockroaches
  7 hobgoblins
  11 jackals
  7 kobolds
  5 quokkas
  9 ball pythons
  4 bats
  7 frilled lizards
  4 goblins
  3 rats
101 creatures vanquished.

Notes
Turn   | Place    | Note
-------+----------+-------------------------------------------
     0 | D:1      | qw the Spriggan Hunter began the quest for the Orb.
     0 | D:1      | Reached XP level 1. HP: 10/10 MP: 2/2
     0 | D:1      | 0 ||| qw: Version: 0.3-a-160-g6735b56
     0 | D:1      | 0 ||| qw: Game counter: 4566
     0 | D:1      | 0 ||| qw: Melee chars always use a shield: true
     0 | D:1      | 0 ||| qw: God list: Okawaru
     0 | D:1      | 0 ||| qw: Allow faded altars: false
     0 | D:1      | 0 ||| qw: Do Orc after clearing Dungeon:15 true
     0 | D:1      | 0 ||| qw: Do second Lair branch before Depths: true
     0 | D:1      | 0 ||| qw: Lair rune preference: random
     0 | D:1      | 0 ||| qw: Goals: Normal
     0 | D:1      | 0 ||| PLANNING D:1-11
    13 | D:1      | 13 ||| RETREEEEATING.
    17 | D:1      | Reached skill level 3 in Dodging
    23 | D:1      | Reached XP level 2. HP: 7/14 MP: 3/3
   309 | D:1      | Reached XP level 3. HP: 18/18 MP: 4/4
   649 | D:1      | 649 ||| UPGRADING to +6 ring of strength.
   650 | D:1      | 650 ||| READING scroll labelled RAKHAIPSAMM.
   651 | D:1      | 651 ||| READING scroll labelled TERUITS TERIEV.
   652 | D:1      | 652 ||| READING scroll labelled PYS NIBIUJ UMIDE.
   652 | D:1      | 652 ||| IDENTIFYING fizzy brown potion
   653 | D:1      | 653 ||| READING scroll labelled ISTRIE MIDGH.
   654 | D:1      | 654 ||| DROPPING scroll of butterflies.
   655 | D:1      | 655 ||| DROPPING potion of invisibility.
   657 | D:1      | 657 ||| Stepping ~*~*~tactically~*~*~ (cloud).
   662 | D:1      | HP: 4/18 [poisoned by you (poison gas)]
  1102 | D:2      | Reached XP level 4. HP: 18/22 MP: 5/5
  1266 | D:2      | 1266 ||| UPGRADING to +2 robe of willpower.
  1276 | D:2      | 1276 ||| DROPPING +0 robe.
  1277 | D:2      | 1277 ||| UPGRADING to ring of positive energy.
  1278 | D:2      | 1278 ||| READING 2 scrolls of identify.
  1278 | D:2      | 1278 ||| IDENTIFYING emerald potion
  1279 | D:2      | 1279 ||| READING scroll of identify.
  1279 | D:2      | 1279 ||| IDENTIFYING sedimented red potion
  1280 | D:2      | 1280 ||| READING scroll labelled DAUBEA DUOSEU.
  1281 | D:2      | 1281 ||| READING scroll labelled VOKISE YCLUEG.
  1281 | D:2      | 1281 ||| ENCHANTING +0 shortbow.
  1282 | D:2      | 1282 ||| DRINKING 2 puce potions.
  1283 | D:2      | 1283 ||| DRINKING 2 red potions.
  1284 | D:2      | 1284 ||| DROPPING potion of degeneration.
  1285 | D:2      | 1285 ||| DROPPING potion of attraction.
  1558 | D:3      | 1558 ||| READING scroll of enchant weapon.
  1558 | D:3      | 1558 ||| ENCHANTING +1 shortbow.
  1631 | D:3      | Noticed a shining eye
  1637 | D:3      | Noticed a golden eye
  1639 | D:3      | Found a faded altar of an unknown god.
  1641 | D:3      | Noticed a glass eye
  1641 | D:3      | Noticed an eye of devastation
  1698 | D:3      | 1698 ||| DRINKING 2 metallic cyan potions.
  1699 | D:3      | 1699 ||| DROPPING potion of brilliance.
  1719 | D:4      | 1719 ||| STAIRDANCE
  1762 | D:4      | Reached XP level 5. HP: 26/26 MP: 6/6
  2000 | D:4      | Reached skill level 6 in Ranged Weapons
  2045 | D:4      | Noticed an ogre
  2052 | D:4      | Killed an ogre
  2053 | D:4      | Reached skill level 6 in Dodging
  2053 | D:4      | Reached XP level 6. HP: 30/30 MP: 7/7
  2368 | D:4      | 2368 ||| READING scroll of enchant weapon.
  2368 | D:4      | 2368 ||| ENCHANTING +2 shortbow.
  2374 | D:4      | Found a runed translucent gate.
  2383 | D:4      | Found a runed translucent gate.
  2383 | D:4      | Found a runed translucent gate.
  2383 | D:4      | Noticed qw's ghost (amateur DEHu)
  2526 | D:4      | 2526 ||| READING 3 scrolls of identify.
  2526 | D:4      | 2526 ||| IDENTIFYING fuming silvery potion
  2527 | D:4      | 2527 ||| READING 2 scrolls of identify.
  2527 | D:4      | 2527 ||| IDENTIFYING lumpy puce potion
  2528 | D:4      | 2528 ||| READING scroll of identify.
  2528 | D:4      | 2528 ||| IDENTIFYING black potion
  2529 | D:4      | 2529 ||| DRINKING 2 ruby potions.
  2529 | D:4      | Gained mutation: You are clumsy. (Dex -2) [potion of
                  | mutation]
  2529 | D:4      | Gained mutation: You are covered in fur. (AC +1) [potion of
                  | mutation]
  2529 | D:4      | Gained mutation: You have an increased reservoir of magic.
                  | (+10% MP) [potion of mutation]
  2530 | D:4      | 2530 ||| DROPPING potion of magic.
  2542 | D:5      | Entered Level 5 of the Dungeon
  2686 | D:5      | HP: 5/30 [orc/+0 hand axe (5)]
  2687 | D:5      | Slain by an orc

Levels and vault maps discovered:
D:1:      dpeg_arrival_long_road, layout_loops_ring, nrook_campfire
D:2:      layout_basic
D:3:      layout_rooms, hellmonk_ecumenical_altar_watching_god
D:4:      layout_loops_ring, biasface_ghost_orc_armoury
D:5:      layout_layer_cave, st_stairs_14, uniq_crazy_yiuf_cottage, uniq_duvessa

Skill      XL: |  1  2  3  4  5 |
---------------+----------------+-----
Dodging        | 3 4 5 6 |  6.1
Ranged Weapons | 5 6 |  6.9
Fighting       | 2 |  2.1
Stealth        | |  1.5

Action                     |  1- 3 |  4- 6 || total
---------------------------+-------+-------++-------
   Fire: Shortbow          |   121 |   183 ||   304
    Use: Scroll            |     4 |     9 ||    13
         Potion            |       |     4 ||     4
 Armour: Robe              |    19 |    24 ||    43
  Dodge: Dodged            |    64 |    85 ||   149

Table legend:
 A = Non-vault XP
 B = Vault XP
 C = Vault XP percentage of total XP
 D = Non-vault monster count
 E = Vault monster count
 F = Vault count percentage of total count
                 A         B        C        D         E       F
            +---------+---------+-------+---------+---------+-------
      Total |     648 |      43 |   6.2 |     100 |       1 |   1.0
            +---------+---------+-------+---------+---------+-------
        D:1 |      53 |       0 |   0.0 |      30 |       0 |   0.0
        D:2 |      49 |       0 |   0.0 |      17 |       0 |   0.0
        D:3 |      66 |       0 |   0.0 |      22 |       0 |   0.0
        D:4 |     380 |       0 |   0.0 |      26 |       0 |   0.0
        D:5 |     100 |      43 |  30.1 |       5 |       1 |  16.7
            +---------+---------+-------+---------+---------+-------
